 Dungeon Crawl Stone Soup version 0.30-a0-996-ga6910c8ee8 (webtiles) character file.

Game seed: 1646850504444093453

116 croobank the Sneak (level 5, -9/33 HPs)
             Began as an Octopode Fire Elementalist on Apr 4, 2023.
             Killed from afar by an oklob plant (24 damage)
             ... with a splash of acid
             ... on level 3 of the Dungeon.
             The game lasted 00:08:54 (3402 turns).

croobank the Sneak (Octopode Fire Elementalist)     Turns: 3402, Time: 00:08:55

Health: -9/33      AC:  1    Str:  8    XL:     5   Next: 1%
Magic:  4/8        EV: 13    Int: 19    God:
Gold:   107        SH:  0    Dex: 12    Spells: 6/9 levels left

rFire   . . .      SeeInvis .    d - +1 short sword
rCold   . . .      Faith    .    (no shield)
rNeg    . . .      Spirit   .    (helmet restricted)
rPois   .          Reflect  .    (no amulet)
rElec   .          Rampage  .    (no ring)
rCorr   .                        (no ring)
Will    .....                    (no ring)
Stlth   +++                      (no ring)
HPRegen 0.25/turn                (no ring)
MPRegen 0.11/turn                (no ring)
                                 (no ring)
                                 (no ring)

@: no status effects
A: almost no armour, amphibious, 8 rings, camouflage 1, gelatinous body 1,
(nimble swimmer 1), tentacles
a: no special abilities


You were on level 3 of the Dungeon.
You visited 1 branch of the dungeon, and saw 3 of its levels.

You collected 203 gold pieces.
You spent 96 gold pieces at shops.

Inventory:

Hand Weapons
 d - a +1 short sword (weapon)
 f - a +0 flail
 i - a +0 rapier
 l - a +2 heavy war axe
Missiles
 m - 4 curare-tipped darts
Potions
 a - 2 potions of magic
 c - a potion of flight {unknown}
 e - a potion of lignification
 g - 3 potions of curing
 h - a potion of might
 j - a potion of attraction
 k - 3 potions of resistance {unknown}
 n - a potion of invisibility {unknown}


   Skills:
 + Level 1.5 Fighting
 + Level 2.5 Dodging
 + Level 3.7 Stealth
 + Level 2.6 Spellcasting
 + Level 1.9 Conjurations
 + Level 3.5 Fire Magic


You had 6 spell levels left.
You knew the following spells:

 Your Spells              Type           Power      Damage    Failure   Level
a - Foxfire               Conj/Fire      52%        2x1d6     4%          1
b - Scorch                Fire           32%        2d6       5%          2

Your spell library contained the following spells:

 Spells                   Type           Power      Damage    Failure   Level
 Inner Flame              Hex/Fire       9%         N/A       22%         3
 Sublimation of Blood     Necr           2%         N/A       24%         2
 Wereblood                Tmut           2%         N/A       24%         2
 Kindle Blastsparks       Fire/Tloc/Air  14%        2d11      28%         3
 Flame Wave               Conj/Fire      13%        2d6       45%         4
 Summon Hydra             Summ           1%         N/A       100%        7


Dungeon Overview and Level Annotations

Branches:
Dungeon (3/15)

Altars:
Fedhas

Shops:
D:2 !

Annotations:
D:3 exclusion: oklob plant


Innate Abilities, Weirdness & Mutations

You cannot wear most types of armour.
You are amphibious.
You can wear up to eight rings at the same time.
Your skin changes colour to match your surroundings (Stealth+).
Your rubbery body absorbs attacks. (AC +1, EV +1)
((You are camouflaged when in or above water. (Stealth+)))
You have tentacles for arms and can constrict up to eight enemies at once.


Message History

Your foxfire dissipates! x2
Your magical contamination has completely faded away.
You see here a +0 club.
Things that are here:
a +0 club; a +0 animal skin; a +0 helmet You enter the deep water.
There is a blossoming altar of Fedhas here.
You enter the shallow water.
An oklob plant comes into view.
Marking area around an oklob plant as unsafe for travelling.
You hit the plant.
The plant begins to die.
You grab the plant.
The plant is lightly damaged.
You constrict the plant. You hit the plant.
The plant is lightly damaged.
You constrict the plant. You hit the plant. You tentacle-slap the plant.
The plant is lightly damaged.
You constrict the plant. You hit the plant.
You squeeze the plant, but do no damage.
The plant is lightly damaged.
You constrict the plant.
A nearby plant withers and dies.
You lose your grip on the plant.
The oklob plant spits acid at you. The splash of acid hits you!!
Ouch! That really hurt!
Casting: Foxfire (safe; 4% risk of failure)
Confirm with . or Enter, or press ? or * to list all spells.
Flames lash the oklob plant.
The oklob plant is lightly damaged.
The oklob plant's fire resistance burns away.
Casting: Scorch (safe; 5% risk of failure)
Confirm with . or Enter, or press ? or * to list all spells.
Flames lash the oklob plant.
The oklob plant is burned terribly!
The oklob plant is lightly damaged.
The oklob plant spits acid at you. The splash of acid hits you!!
Ouch! That really hurt!
You die...

#P..~≈≈~≈≈≈≈≈..#PPP#
#P.~≈≈~~~≈~≈~≈.PP#P#
##.~≈≈≈...~~≈~.P.#P#
...~≈≈~._......PPPP#
##.~≈≈~...≈≈~~.PPP.#
#P.~~≈≈≈~~~≈≈~.#..##
....≈~≈≈~≈≈≈~..P#PP#
#PP..~~≈≈≈≈~..#.PPP#
#PPP..≈~~~~..#PP@P.#
PP.P#.......PPPP.PP#


PPPPPP#P#P#.#PPP..P# #P#PPPPPP#P#PPP..PP# PPPP#PPPPP#PP#P.P#P#
#PP#PPPP#P#PPPPPPPP# **********########## You could see an oklob plant
(combustible).

Vanquished Creatures
  Robin (D:3)
  2 adders
  An ufetubus (D:3)
  2 worms (D:2)
  2 dart slugs (D:2)
  6 ball pythons
  5 bats
  5 endoplasms
  2 giant cockroaches
  13 goblins
  7 hobgoblins
  5 jackals
  4 kobolds
  2 quokkas (D:1)
  4 frilled lizards
  6 rats
67 creatures vanquished.

Vanquished Creatures (others)
  138 foxfires
  A plant (D:3)
139 creatures vanquished.

Grand Total: 206 creatures vanquished

Notes
Turn   | Place    | Note
-------+----------+-------------------------------------------
     0 | D:1      | croobank the Octopode Fire Elementalist began the quest for
                  | the Orb.
     0 | D:1      | Reached XP level 1. HP: 11/11 MP: 3/3
   335 | D:1      | Reached XP level 2. HP: 12/17 MP: 3/5
   338 | D:1      | Learned a level 2 spell: Scorch
  1289 | D:2      | Reached XP level 3. HP: 22/22 MP: 3/6
  1355 | D:2      | Found Oreigo's Distillery.
  1360 | D:2      | Bought a potion of curing for 36 gold pieces
  1360 | D:2      | Bought a potion of might for 48 gold pieces
  1898 | D:2      | Bought a potion of degeneration for 12 gold pieces
  1943 | D:2      | Reached skill level 1 in Fighting
  2079 | D:2      | Reached XP level 4. HP: 28/28 MP: 4/7
  2497 | D:3      | Found a faded altar of an unknown god.
  2696 | D:3      | Found a blossoming altar of Fedhas.
  2756 | D:3      | Noticed Robin
  2763 | D:3      | Killed Robin
  3238 | D:3      | Reached XP level 5. HP: 33/33 MP: 4/8
  3389 | D:3      | Noticed an oklob plant
  3402 | D:3      | Killed from afar by an oklob plant

Illustrated notes

Levels and vault maps discovered:
D:1:      zelgadis_glass_arrival_small, layout_loops_ring
D:2:      layout_loops_ring, serial_shops, shop_fountains, minmay_tripent
D:3:      layout_basic, tgw_fedhas, chequers_ecumenical_altar_simple_redux,
          uniq_robin

Skill      XL: |  1  2  3 |
---------------+----------+-----
Stealth        | 3 |  3.7
Fighting       | 1 |  1.5
Dodging        | |  2.5
Spellcasting   | |  2.6
Conjurations   | |  1.9
Fire Magic     | |  3.5

Action                     |  1- 3 |  4- 6 || total
---------------------------+-------+-------++-------
  Melee: Short sword       |    10 |    16 ||    26
         Constrict         |     5 |     4 ||     9
         Tentacles         |     4 |     2 ||     6
         Unarmed           |     1 |       ||     1
         Punch             |       |     1 ||     1
   Cast: Foxfire           |    46 |    34 ||    80
         Scorch            |    13 |     8 ||    21
    Use: Scroll            |     4 |     5 ||     9
         Potion            |       |     2 ||     2
   Stab: Sleeping          |     3 |       ||     3
 Armour: Skin              |     1 |     1 ||     2
  Dodge: Dodged            |     3 |    16 ||    19

Table legend: (Time is in decaauts)
 A = Elapsed time spent in this place.
 B = Non-inter-level travel time spent in this place.
 C = Inter-level travel time spent in this place.
 D = Time resting spent in this place.
 E = Time spent auto-exploring this place.
 F = Levels seen in this place.
 G = Mean time per level.
                   A        B        C        D        E       F      G
               +--------+--------+--------+--------+--------+-----+--------+
         Total |   3415 |   3327 |     88 |    805 |   1948 |   3 | 1138.3 |
       Dungeon |   3415 |   3327 |     88 |    805 |   1948 |   3 | 1138.3 |
               +--------+--------+--------+--------+--------+-----+--------+

Top non-repeatable levels by time:
     D:1: 1286 daAuts
     D:2: 1131 daAuts
     D:3: 997 daAuts
